 Seeded DCSS version 0.29.1-14-g9c671dbff4 (webtiles) character file.

Game seed: 1 (custom seed)

81697 Kazon the Carver (level 15, -3/140 HPs)
             Began as a Naga Fighter on Feb 13, 2023.
             Was the Champion of Okawaru.
             Killed by divine providence
             ... invoked by an orc high priest
              (9 damage)
             ... on level 2 of the Orcish Mines.
             The game lasted 01:57:42 (16615 turns).

Kazon the Carver (Naga Fighter)                    Turns: 16615, Time: 01:57:42

Health: -3/140     AC: 25    Str: 20    XL:     15   Next: 71%
Magic:  22/22      EV:  9    Int:  8    God:    Okawaru [******]
Gold:   1222       SH:  0    Dex: 25    Spells: 14/14 levels left

rFire   + + +      SeeInvis +   f - +3 Maxwell's thermic engine {flame, freeze}
rCold   + . .      Faith    .   c - +0 kite shield {reflect}
rNeg    + + +      Spirit   .   S - +6 scale mail "Voetobuo" {Int-3 Dex+8}
rPois   +          Reflect  +   l - +0 helmet
rElec   .          Harm     .   Q - scarf {rC+ rF+}
rCorr   +          Rampage  .   R - +1 pair of gloves {Dex+3}
Will    +....                   N - +1 barding "Ixzutet" {+Blink rN+ rCorr}
Stlth   ++........              U - amulet "Odemouw" {Contam rPois rF+++ Regen+ Stlth+}
HPRegen 1.13/turn               W - ring of positive energy
MPRegen 0.18/turn               Y - ring of positive energy

@: confused, ambrosia-drunk, studying Evocations, very slow
A: AC +5, large, see invisible, deformed body, poison resistance, slowness 2,
spit poison 1, naga tail 2
a: Spit Poison, Renounce Religion, Evoke Blink, Heroism, Finesse, Duel


You were on level 2 of the Orcish Mines.
You worshipped Okawaru.
Okawaru was exalted by your worship.
You visited 4 branches of the dungeon, and saw 22 of its levels.
You also visited: Gauntlet.

You collected 2182 gold pieces.
You spent 960 gold pieces at shops.

Inventory:

Hand Weapons
 e - a +6 rapier of venom
 f - the +3 Maxwell's thermic engine (weapon) {flame, freeze}
   (You found it on level 1 of the Lair of Beasts)

   It burns those it strikes, dealing additional fire damage.
   Big, fiery blades are also staple armaments of hydra-hunters.
   It freezes those it strikes, dealing additional cold damage.
   It can also slow down cold-blooded creatures.
   It becomes more effective when it hits something.
   This effect fades over time.
 s - the +3 falchion of Winter {venom, rCorr}
   (You bought it in a shop on level 3 of the Dungeon)

   It poisons the flesh of those it strikes.
   rCorr:     It protects you from acid and corrosion.
Missiles
 o - 30 boomerangs
 q - a throwing net
 t - 5 datura-tipped darts
 u - 7 javelins (quivered)
 A - 6 curare-tipped darts
 H - 10 poisoned darts
Armour
 c - a +0 kite shield of reflection (worn)
 l - a +0 helmet (worn)
 N - the +1 barding "Ixzutet" (worn) {+Blink rN+ rCorr}
   (Okawaru gifted it to you on level 5 of the Lair of Beasts)

   rN:        It protects you from negative energy.
   +Blink:    It lets you blink.
   rCorr:     It protects you from acid and corrosion.
 P - an orb of mayhem
 Q - a scarf of resistance (worn)
 R - a +1 pair of gloves of dexterity (worn)
 S - the +6 scale mail "Voetobuo" (worn) {Int-3 Dex+8}
   (You found it on level 14 of the Dungeon)

   Int:       It affects your intelligence (-3).
   Dex:       It affects your dexterity (+8).
Jewellery
 U - the amulet "Odemouw" (around neck) {Contam rPois rF+++ Regen+ Stlth+}
   (You bought it in a shop on level 8 of the Dungeon)

   [amulet of regeneration]

   rF:        It renders you almost immune to fire.
   rPois:     It protects you from poison.
   Contam:    It causes magical contamination when unequipped.
   Regen:     It increases your rate of health regeneration.
   Stlth:     It makes you more stealthy.
 W - a ring of positive energy (left hand)
 Y - a ring of positive energy (right hand)
Wands
 z - a wand of mindburst (33)
 B - a wand of flame (25)
 C - a wand of polymorph (9)
 F - a wand of paralysis (26)
 J - a wand of roots (15)
Scrolls
 i - 8 scrolls of identify
 m - a scroll of silence
 n - a scroll of immolation
 p - 3 scrolls of poison {unknown}
 v - a scroll of magic mapping
 x - 3 scrolls of teleportation
 y - 4 scrolls of fog {unknown}
 D - a scroll of amnesia
 E - 4 scrolls of enchant weapon {unknown}
 I - 3 scrolls of fear
 L - a scroll of blinking {unknown}
Potions
 a - a potion of ambrosia
 b - 4 potions of berserk rage {unknown}
 d - 3 potions of might
 g - 4 potions of haste
 h - 2 potions of flight
 j - 6 potions of attraction {unknown}
 k - 3 potions of cancellation {unknown}
 r - a potion of heal wounds
 w - 9 potions of lignification {unknown}
 G - 8 potions of curing
 O - a potion of invisibility
 Z - 2 potions of mutation
Miscellaneous
 K - a condenser vane
 T - a phial of floods
 V - a tin of tremorstones (2/2)
 X - a lightning rod (3/4)


   Skills:
 + Level 10.5 Fighting
 + Level 7.1(11.1) Short Blades
 + Level 13.2(13.9) Long Blades
 + Level 6.7 Throwing
 + Level 6.2 Armour
 + Level 6.3 Dodging
 + Level 12.9 Stealth
 + Level 7.1 Shields
 * Level 10.2 Invocations
 * Level 10.4 Evocations


You had 14 spell levels left.
You didn't know any spells.
Your spell library contained the following spells:

 Spells                   Type           Power      Damage    Failure   Level
 Apportation              Tloc           0%         N/A       93%         1
 Magic Dart               Conj           0%         1d3       93%         1
 Necrotise                Necr           0%         1d4       93%         1
 Sting                    Tmut/Pois      0%         1d3       93%         1
 Poisonous Vapours        Pois/Air       0%         N/A       98%         2
 Mephitic Cloud           Conj/Pois/Air  0%         N/A       100%        3
 Ozocubu's Armour         Ice            0%         N/A       100%        3
 Olgreb's Toxic Radiance  Pois           0%         N/A       100%        4
 Blade Hands              Tmut           0%         N/A       100%        5
 Fireball                 Conj/Fire      0%         3d3       100%        5
 Iskenderun's Battlesphe  Conj           0%         2d6       100%        5
 Metabolic Englaciation   Hex/Ice        0%         N/A       100%        5
 Conjure Ball Lightning   Conj/Air       0%         3x3d6     100%        6
 Iron Shot                Conj/Erth      0%         9d1       100%        6
 Orb of Destruction       Conj           0%         9d5       100%        7
 Ozocubu's Refrigeration  Ice            0%         4d7       100%        7
 Summon Small Mammal      Summ           Unusable   N/A       N/A         1
 Call Imp                 Summ           Unusable   N/A       N/A         2
 Animate Armour           Summ/Erth      Unusable   N/A       N/A         4
 Simulacrum               Ice/Necr       Unusable   N/A       N/A         6

Dungeon Overview and Level Annotations

Branches:
Dungeon (14/15)            Temple (1/1) D:7            Lair (5/5) D:10
 Shoals (0/4) Lair:3       Spider (0/4) Lair:3        Slime (0/5) Lair:4
    Orc (2/2) D:12            Elf (0/3) Orc:2        Vaults (0/5) D:13
Gauntlet (visited)

Altars:
Ashenzari
Dithmenos
Elyvilon
Gozag
Hepliaklqana
Kikubaaqudgha
Makhleb
Nemelex Xobeh
Okawaru
Qazlal
Uskayaw
Xom
Jiyva

Shops:
D:3 (   D:8 ?(==   D:10 :   D:13 !

Annotations:
D:14 3 runed translucent doors, Wopp's ghost, journeyman GrEE


Innate Abilities, Weirdness & Mutations

Your serpentine skin is tough. (AC +5)
You have supernaturally acute eyesight. (SInv)
Armour fits poorly on your strangely shaped body.
Your system is resistant to poisons. (rPois)
You cover ground very slowly.
You can spit poison.
You can use your snake-like lower body to constrict enemies.


Message History

The orc warlord hits you but does no damage.
The orc warrior closely misses you.
The orc priest calls down the wrath of Beogh upon you.
Beogh smites you!
* * * LOW HITPOINT WARNING * * *
You're too confused to move!
The orc priest no longer looks unusually strong.
The orc warrior no longer looks unusually strong.
The ufetubus misses you.
The ufetubus hits you but does no damage.
The ynoxinul gestures.
The orc warlord misses you. The orc warrior misses you.
The orc priest hits you but does no damage.
You're too confused to move!
The ufetubus hits you but does no damage.
The ufetubus hits you.
* * * LOW HITPOINT WARNING * * *
The ufetubus barely misses you. x2
The orc warlord roars a battlecry!
The orcs go into a battle-frenzy!
The orc warrior hits you from afar with a +1 vorpal halberd.
* * * LOW HITPOINT WARNING * * *
x2 The orc priest hits you but does no damage.
The orc high priest barely misses you.
You slice the orc priest!! You burn the orc priest.
You kill the orc priest!
Okawaru accepts your kill. The ufetubus barely misses you.
The ufetubus hits you but does no damage.
The orange demon stings you from afar!
* * * LOW HITPOINT WARNING * * *
The ynoxinul gestures.
The orc warlord hits you from afar with a +2 glaive.
* * * LOW HITPOINT WARNING * * *
The orc warrior hits you from afar with a +1 vorpal halberd.
* * * LOW HITPOINT WARNING * * *
x2 An orc comes into view. It is wielding a +0 flail.
The orc high priest calls down the wrath of Beogh upon you.
Beogh smites you!
You die...

### ##.## ##
#...# ##.##
##...# #...#
#..∩.###..##
##.o[..#...#
#..o5))#5..#...
##.@5o5o5...#
##)#o35...(....
##4....(o.....
#5...#.o)....
#........(...
.........#...
#........#.#..
#...........


You could see an orc warlord, an orc high priest (strong), an orange demon
(summoned), a ynoxinul (summoned), 2 orc warriors, an orc priest (strong), 2
orcs and 7 ufetubi.

Vanquished Creatures
  Rupert (D:12)
  Donald (Orc:2)
  Nessos (D:12)
  Snorg (D:14)
  A minotaur (Gauntlet)
  Azrael (D:13)
  A fire dragon (D:13)
  Fannar (Lair:2)
  3 hydras
  2 boulder beetles (D:14)
  Erolcha (D:10)
  4 catoblepae
  A vault guard (D:13)
  A ghost crab (Gauntlet)
  4 centaur warriors
  A death knight (D:14)
  3 two-headed ogres
  9 death yaks
  Urug (Orc:1)
  3 sixfirhies (Gauntlet)
  5 skeletal warriors
  A fire crab (D:13)
  Lodul (D:12)
  3 spriggan simulacra (D:14)
  A wizard (D:14)
  An orc knight (Orc:2)
  3 orc sorcerers
  3 cyclopes
  A deep elf pyromancer (D:13)
  6 ugly things
  4 manticores
  5 black mambas
  11 cane toads
  Maggie (D:6)
  4 rime drakes
  2 unseen horrors
  A yaktaur (Orc:2)
  4 kobold demonologists (D:11)
  15 komodo dragons
  2 freezing wraiths (D:14)
  A tengu conjurer (D:12)
  An efreet (D:14)
  5 trolls
  Prince Ribbit (D:9)
  A polar bear (Lair:4)
  15 blink frogs
  5 dream sheep (Lair:4)
  A snapping turtle (Lair:3)
  2 shadows
  2 vampires
  56 yaks
  2 wraiths (D:12)
  2 fire elementals (D:13)
  4 wyverns
  A yak (shapeshifter) (D:13)
  5 basilisks
  Eustachio (D:5)
  2 steam dragons
  6 vampire mosquitoes
  3 minotaur simulacra (D:14)
  Menkaure (D:5)
  Edmund (D:6)
  2 wargs (Orc:1)
  2 acid dragons
  16 water moccasins
  2 hell hounds (D:13)
  16 orc warriors
  An ice beast (D:8)
  5 sky beasts
  2 black bears (D:6)
  5 centaurs
  9 ogres
  A wolf (D:10)
  2 phantoms (D:6)
  3 kobold brigands
  3 necrophages
  6 bullfrogs
  2 deep troll simulacra (D:14)
  A gnoll sergeant (D:7)
  10 scorpions
  21 wights
  3 killer bees (D:10)
  3 electric eels
  A howler monkey (D:5)
  2 jellies (D:6)
  6 hounds
  15 orc priests
  A gnoll bouda (D:7)
  6 iguanas
  3 hell rats (Lair:3)
  20 orc wizards
  Robin (D:3)
  15 gnolls
  13 adders
  3 shadow imps
  2 white imps (D:7)
  An ufetubus (D:5)
  4 worms
  65 orcs
  11 endoplasms
  2 giant cockroaches
  16 goblins
  9 hobgoblins
  A jackal (D:4)
  27 kobolds
  2 quokkas
  5 ball pythons
  4 bats
  3 frilled lizards
  6 rats
592 creatures vanquished.

Vanquished Creatures (collateral kills)
  A death yak (Lair:5)
  An orc high priest (Orc:2)
  2 blink frogs (Lair:2)
  5 yaks
  An orc warrior (Orc:2)
  An ogre (Orc:1)
  A gnoll bouda (Orc:2)
  8 orc priests
  An orc wizard (Orc:2)
  A hell rat (Lair:3)
  3 gnolls (Orc:2)
  12 orcs
  A giant cockroach (Lair:3)
38 creatures vanquished.

Vanquished Creatures (others)
  A cyclops (D:14)
  2 centaur simulacra (D:14)
  2 yaks (Lair:5)
  A floating eye (shapeshifter) (D:14)
  An orc warrior (Orc:2)
  An ogre (Orc:1)
  An orc priest (Orc:2)
  An orc wizard (Orc:2)
  3 orcs
  24 fungi
  47 plants
84 creatures vanquished.

Grand Total: 714 creatures vanquished

Notes
Turn   | Place    | Note
-------+----------+-------------------------------------------
     0 | D:1      | Kazon the Naga Fighter began the quest for the Orb.
     0 | D:1      | Reached XP level 1. HP: 21/21 MP: 1/1
    36 | D:1      | Identified a scroll of acquirement
    36 | D:1      | Acquired the +0 barding of Foolhardiness {rF+ Regen+}
   142 | D:1      | Reached XP level 2. HP: 18/28 MP: 2/2
   690 | D:2      | Reached XP level 3. HP: 34/34 MP: 3/3
  1042 | D:2      | Reached XP level 4. HP: 34/42 MP: 4/4
  1056 | D:2      | Reached skill level 3 in Long Blades
  1324 | D:3      | Found Umat's Antique Weapon Boutique.
  1351 | D:3      | Bought a crude falchion for 184 gold pieces
  1351 | D:3      | Identified the +3 falchion of Winter {venom, rCorr} (You
                  | bought it in a shop on level 3 of the Dungeon)
  1491 | D:3      | Noticed Robin
  1498 | D:3      | Killed Robin
  1499 | D:3      | Reached XP level 5. HP: 47/48 MP: 5/5
  1794 | D:3      | Reached skill level 5 in Fighting
  1794 | D:3      | Reached skill level 5 in Long Blades
  1794 | D:3      | Reached XP level 6. HP: 62/62 MP: 6/6
  2026 | D:4      | Reached XP level 7. HP: 68/68 MP: 7/7
  2666 | D:4      | Found a hazy altar of Hepliaklqana.
  2805 | D:5      | Entered Level 5 of the Dungeon
  2848 | D:5      | Reached skill level 5 in Armour
  2849 | D:5      | Noticed Eustachio
  2866 | D:5      | Reached skill level 5 in Shields
  2872 | D:5      | Killed Eustachio
  2873 | D:5      | Reached skill level 1 in Evocations
  2873 | D:5      | Reached XP level 8. HP: 76/76 MP: 8/8
  3269 | D:5      | Noticed Menkaure
  3278 | D:5      | Killed Menkaure
  3561 | D:5      | Reached skill level 6 in Long Blades
  3813 | D:7      | Found a staircase to the Ecumenical Temple.
  3828 | Temple   | Entered the Ecumenical Temple
  3837 | Temple   | Became a worshipper of Warmaster Okawaru
  3885 | Temple   | Reached XP level 9. HP: 78/82 MP: 9/9
  3906 | D:7      | Found a hide-covered altar of Uskayaw.
  4053 | D:6      | Reached * piety under Okawaru
  4054 | D:6      | Reached skill level 1 in Invocations
  4094 | D:6      | Noticed Edmund
  4118 | D:6      | Killed Edmund
  4360 | D:6      | Reached ** piety under Okawaru
  4370 | D:6      | Noticed Maggie
  4400 | D:6      | Killed Maggie
  4401 | D:6      | Reached XP level 10. HP: 92/92 MP: 11/11
  4472 | D:6      | You fall into a shaft and drop 2 floors!
  4488 | D:8      | Found Heidghoki's Jewellery Shop.
  4538 | D:6      | Reached skill level 7 in Long Blades
  5048 | D:7      | Reached *** piety under Okawaru
  5050 | D:7      | Found a white marble altar of Elyvilon.
  5385 | D:8      | Found Quzidd's Magic Scroll Emporium.
  5390 | D:8      | Bought a scroll of teleportation for 42 gold pieces
  5591 | D:8      | Found Esumer's Weapon Shop.
  6157 | D:8      | Found Zoxtaeshakh's Jewellery Boutique.
  6423 | D:9      | Noticed Prince Ribbit
  6442 | D:9      | Killed Prince Ribbit
  6460 | D:9      | Reached **** piety under Okawaru
  6807 | D:9      | Noticed a two-headed ogre
  6810 | D:9      | Killed a two-headed ogre
  6811 | D:9      | Reached XP level 11. HP: 73/86 MP: 12/14
  6958 | D:10     | Entered Level 10 of the Dungeon
  6964 | D:10     | Noticed Erolcha
  6966 | D:10     | Killed Erolcha
  6985 | D:10     | Identified the +5 long sword of the Land of Plenty {drain,
                  | Dex+3}
  7052 | D:10     | Found a staircase to the Lair.
  7075 | D:10     | Reached ***** piety under Okawaru
  7178 | D:10     | Reached skill level 8 in Long Blades
  7178 | D:10     | Reached skill level 5 in Evocations
  7292 | D:10     | Found Juagoaq's Book Shoppe.
  7610 | D:10     | Identified the +6 barding "Pecregisch" {Slay+3} (Okawaru
                  | gifted it to you on level 10 of the Dungeon)
  7610 | D:10     | Received a gift from Okawaru
  7619 | D:10     | Reached skill level 5 in Invocations
  8165 | D:11     | Noticed a green ugly thing
  8176 | D:11     | Killed a green ugly thing
  8177 | D:11     | Reached skill level 5 in Throwing
  8477 | D:11     | Reached XP level 12. HP: 110/110 MP: 16/16
  8918 | D:11     | Reached skill level 9 in Long Blades
  9106 | D:12     | Noticed Lodul
  9136 | D:12     | Killed Lodul
  9217 | D:12     | Noticed Nessos
  9223 | D:12     | Killed Nessos
  9224 | D:12     | Reached skill level 5 in Dodging
  9406 | D:8      | Bought the amulet "Odemouw" {Contam rPois rF+++ Regen+
                  | Stlth+} for 734 gold pieces
  9482 | Lair:1   | Entered Level 1 of the Lair of Beasts
  9552 | Lair:1   | Found the +2 Maxwell's thermic engine {flame, freeze}
  9663 | Lair:1   | Reached skill level 10 in Stealth
 10081 | Lair:2   | Reached skill level 5 in Short Blades
 10084 | Lair:2   | Reached skill level 10 in Long Blades
 10148 | Lair:2   | Received a gift from Okawaru
 10216 | Lair:2   | Noticed a catoblepas
 10229 | Lair:2   | Noticed Fannar
 10267 | Lair:2   | Killed Fannar
 10280 | Lair:2   | Killed a catoblepas
 10280 | Lair:2   | Received a gift from Okawaru
 10360 | Lair:2   | Gained mutation: You can use your snake-like lower body to
                  | constrict enemies. [Naga growth]
 10360 | Lair:2   | Reached XP level 13. HP: 66/118 MP: 18/18
 11066 | Lair:3   | Found an ancient bone altar of Kikubaaqudgha.
 11121 | Lair:3   | Found a hole to the Spider Nest.
 11367 | Lair:3   | Received a gift from Okawaru
 11674 | Lair:3   | Found a staircase to the Shoals.
 11761 | Lair:4   | Reached skill level 11 in Long Blades
 11817 | Lair:4   | Identified the +3 battleaxe "Adididghufym" {antimagic, rF+
                  | Will+}
 12007 | Lair:4   | Found a staircase to the Slime Pits.
 12007 | Lair:4   | Found a viscous altar of Jiyva.
 12018 | Lair:4   | Reached ****** piety under Okawaru
 12372 | Lair:5   | Entered Level 5 of the Lair of Beasts
 12475 | Lair:5   | Received a gift from Okawaru
 12680 | Lair:5   | Reached XP level 14. HP: 129/129 MP: 20/20
 13319 | Lair:5   | Identified the +1 barding "Ixzutet" {+Blink rN+ rCorr}
                  | (Okawaru gifted it to you on level 5 of the Lair of Beasts)
 13319 | Lair:5   | Received a gift from Okawaru
 13320 | Lair:5   | Reached skill level 12 in Long Blades
 13858 | D:12     | Noticed Rupert
 13860 | D:12     | Killed Rupert
 14092 | D:12     | Found a staircase to the Orcish Mines.
 14138 | D:13     | Noticed Azrael
 14153 | D:13     | Killed Azrael
 14250 | D:13     | Found Ituota Roil's Distillery.
 14566 | D:13     | Identified the +1 barding of the Wasteland {rC+ MP+9 Int+3}
                  | (Okawaru gifted it to you on level 13 of the Dungeon)
 14566 | D:13     | Received a gift from Okawaru
 14577 | D:13     | Reached skill level 10 in Fighting
 14652 | D:13     | Found a gate to the Vaults.
 14667 | D:13     | Reached XP level 15. HP: 125/138 MP: 22/22
 14842 | D:14     | Found a frozen archway.
 14878 | D:14     | Reached skill level 13 in Long Blades
 15017 | D:14     | Noticed Snorg
 15029 | D:14     | Killed Snorg
 15032 | D:14     | HP: 2/138 [four-headed hydra (8)]
 15034 | D:14     | Reached skill level 10 in Evocations
 15174 | D:14     | Identified the +6 scale mail "Voetobuo" {Int-3 Dex+8}
 15229 | D:14     | Found a runed translucent gate.
 15230 | D:14     | Found a runed translucent gate.
 15231 | D:14     | Found a runed translucent gate.
 15233 | D:14     | Noticed Wopp's ghost (journeyman GrEE)
 15606 | Orc:1    | Entered Level 1 of the Orcish Mines
 15613 | Orc:1    | Noticed Urug
 15635 | Orc:1    | Paralysed by an orc sorcerer for 5 turns
 15646 | Orc:1    | Killed Urug
 15646 | Orc:1    | Received a gift from Okawaru
 16135 | Orc:2    | Entered Level 2 of the Orcish Mines
 16154 | Orc:2    | Found a staircase to the Elven Halls.
 16197 | Orc:2    | Noticed Donald
 16217 | Orc:2    | Killed Donald
 16230 | Orc:2    | Reached skill level 10 in Invocations
 16231 | Orc:2    | Received a gift from Okawaru
 16324 | Orc:2    | Noticed an orc warlord
 16344 | Orc:2    | Found a gate leading to a gauntlet.
 16352 | Gauntlet | Entered a Gauntlet
 16352 | Gauntlet | Found a transporter.
 16371 | Gauntlet | Found a transporter.
 16372 | Gauntlet | Found a transporter.
 16373 | Gauntlet | Found a transporter.
 16376 | Gauntlet | Found a transporter.
 16377 | Gauntlet | Found a transporter.
 16379 | Gauntlet | Noticed a cacodemon
 16381 | Gauntlet | Found a runed translucent door.
 16385 | Gauntlet | Found a transporter.
 16386 | Gauntlet | Found the +12 glaive of Prune {vorpal}
 16387 | Gauntlet | Found a transporter.
 16388 | Gauntlet | Found a runed translucent door.
 16448 | Gauntlet | Identified the ring "Rutul" {Wiz rF+ Int+5}
 16473 | Gauntlet | Identified the amulet of Otuet {Acrobat Str+6}
 16615 | Orc:2    | HP: 6/140 [orc warrior/+1 vorpal halberd (2)]
 16615 | Orc:2    | Killed from afar by an orc high priest

Illustrated notes

Levels and vault maps discovered:
D:1:      dpeg_arrival_three_smaller_balls, layout_basic
D:2:      layout_loops_ring
D:3:      layout_basic, serial_shops, nicolae_shop_stone, st_stairs_9,
          minmay_misc_feat_doors, eino_curves_03, uniq_robin
D:4:      minmay_wonky_spiral, layout_basic,
          mainiacjoe_overflow_surrounded_room, minivault_5
D:5:      layout_cave_pods, uniq_menkaure, uniq_eustachio
D:6:      cheibrodos_barr_body, layout_basic, minmay_crystal_room,
          minmay_pentangle, uniq_maggie, uniq_edmund
D:7:      layout_cave_pools, nicolae_uskayaw_murder_on_the_dancefloor,
          elyvilon_altar_4, minmay_temple_entry_purple_smoke
D:8:      layout_basic, serial_shops, shop_statue, kennysheep_little_box, shop,
          nicolae_shop_window_shopping
D:9:      layout_cave_pools, uniq_prince_ribbit1
D:10:     layout_stronghold, erik_lair_island, serial_shops,
          nicolae_shop_statue_plus, uniq_erolcha
D:11:     layout_roguey
D:12:     layout_loops_ring, orc_0_dummy, chequers_serial_rivers_marsh,
          uniq_lodul, uniq_nessos, uniq_rupert
D:13:     layout_gridville, david_vaults_5, serial_shops,
          nicolae_shop_behind_doors, minmay_fractal_squares_gapless_5,
          uniq_azrael
D:14:     layout_roguey, minmay_misc_feat_secret_circle, gammafunk_ghost_split,
          portal_ice_cave_entry_ice_simulacra, uniq_snorg
Temple:   nicolae_temple_bog_church
Lair:1:   layout_long_grid, fungi_pond_lemuel, cheibrodos_lair_reptile_den
Lair:2:   layout_gridlike, uniq_fannar
Lair:3:   layout_roguey, minmay_shoals_entry_hut,
          nicolae_spider_entry_non_spiders, basic_altar, serial_bayou_crossing
Lair:4:   layout_gridlike, slime_entry_1, serial_rivers,
          chequers_serial_rivers_room_a, chequers_serial_rivers_micro_c,
          chequers_serial_rivers_room_a, chequers_serial_rivers_micro_e,
          minivault_27, grunt_megastairs_3, infiniplex_staircase_pool_2
Lair:5:   evilmike_catoblepas_cave, layout_long_grid
Orc:1:    layout_caves, basic_altar, uniq_urug
Orc:2:    st_orc_congregation, layout_caves, gauntlet_entry_generic,
          hellmonk_ghost_happy_afterlife, uniq_donald

Skill      XL: |  1  2  3  4  5  6  7  8  9 10 11 12 13 14 15 |
---------------+----------------------------------------------+-----
Shields        | 3 4 5 6 7 |  7.1
Long Blades    | 3 5 6 7 8 10 11 12 13 | 13.2
Armour         | 3 4 5 6 |  6.2
Fighting       | 5 6 7 8 9 10 | 10.5
Short Blades   | 3 4 5 6 7 |  7.1
Throwing       | 3 4 5 6 |  6.7
Dodging        | 3 4 5 6 |  6.3
Stealth        | 6 7 8 9 10 11 12 | 12.9
Evocations     | 1 2 3 4 6 7 8 9 10 | 10.4
Invocations    | 2 4 5 6 8 9 10 | 10.2

Action                   |  1- 3 |  4- 6 |  7- 9 | 10-12 | 13-15 || total
-------------------------+-------+-------+-------+-------+-------++-------
Melee: Long sword        |    82 |    18 |       |   102 |       ||   202
       Dagger            |       |    73 |    83 |   107 |       ||   263
       Falchion          |       |       |   227 |   421 |       ||   648
       Double sword      |       |       |       |    37 |   372 ||   409
       Constrict         |       |       |       |       |   132 ||   132
       Rapier            |       |       |       |       |   233 ||   233
Throw: Stone             |       |    25 |    25 |    29 |       ||    79
       Boomerang         |       |       |       |    50 |    44 ||    94
       Dart              |       |       |       |    25 |    83 ||   108
       Javelin           |       |       |       |       |     4 ||     4
Invok: Heroism           |       |       |     1 |     4 |     6 ||    11
       Finesse           |       |       |       |     2 |       ||     2
 Abil: Spit Poison       |    22 |    19 |    32 |    34 |    29 ||   136
Evoke: Wand              |       |       |     2 |     9 |    21 ||    32
       Phial of floods   |       |       |       |       |     1 ||     1
       Condenser vane    |       |       |       |       |     1 ||     1
       Lightning rod     |       |       |       |       |     3 ||     3
  Use: Scroll            |     1 |       |     3 |     3 |    12 ||    19
       Potion            |       |     1 |     2 |     1 |     1 ||     5
 Stab: Sleeping          |       |     2 |     9 |    30 |    27 ||    68
       Distracted        |       |       |       |     1 |     7 ||     8
       Paralysed         |       |       |       |     1 |     2 ||     3
Armor: Scale mail        |    49 |    29 |    34 |       |    94 ||   206
       Leather armour    |       |       |   116 |   129 |       ||   245
       Troll leather arm |       |       |       |    94 |   151 ||   245
Dodge: Dodged            |    25 |    24 |   125 |   222 |   181 ||   577
Block: Buckler           |    21 |    15 |    78 |   145 |   116 ||   375
       Kite shield       |       |       |       |       |    28 ||    28
       Reflection        |       |       |       |       |     1 ||     1
